 Dungeon Crawl Stone Soup version 0.27.1-37-g7b29ead8ac (webtiles) character file.

Game seed: 9817482867940295405

4 AarnesTheHuman the Insei (level 1, 0/13 HPs)
             Began as an Octopode Transmuter on Sept 4, 2023.
             Slain by a gnoll (8 damage)
             ... on level 1 of the Dungeon.
             The game lasted 00:00:31 (581 turns).

AarnesTheHuman the Insei (Octopode Transmuter)       Turns: 581, Time: 00:00:32

Health: 0/13       AC:  1    Str:  9    XL:     1   Next: 70%
Magic:  3/3        EV: 13    Int: 15    God:
Gold:   27         SH:  0    Dex: 12    Spells: 3/4 levels left

rFire    . . .     SeeInvis .     - Unarmed
rCold    . . .     Faith    .   (no shield)
rNeg     . . .     Spirit   .   (helmet restricted)
rPois    .         Reflect  .   (no amulet)
rElec    .         Harm     .   (no ring)
rCorr    .         Rampage  .   (no ring)
Will     .....                  (no ring)
Stlth    +++.......             (no ring)
HPRegen  0.04/turn              (no ring)
MPRegen  0.08/turn              (no ring)
                                (no ring)
                                (no ring)

@: no status effects
A: almost no armour, amphibious, 8 rings, camouflage 1, gelatinous body 1,
(nimble swimmer 1), tentacles
a: no special abilities


You were on level 1 of the Dungeon.
You visited 1 branch of the dungeon, and saw 1 of its levels.

You collected 27 gold pieces.

Inventory:

Scrolls
 a - a scroll of silence {unknown}
 b - 2 scrolls of immolation {unknown}
 c - a scroll of teleportation {unknown}
 d - a scroll of enchant armour {unknown}


   Skills:
 - Level 1.0 Fighting
 - Level 2.0 Dodging
 - Level 1.0 Stealth
 - Level 3.0 Unarmed Combat
 + Level 2.1 Spellcasting
 + Level 2.1 Transmutations


You had 3 spell levels left.
You knew the following spells:

 Your Spells              Type           Power      Damage    Failure   Level
a - Beastly Appendage     Tmut           16%        N/A       9%          1

Your spell library contained the following spells:

 Spells                   Type           Power      Damage    Failure   Level
 Wereblood                Tmut           8%         N/A       14%         2
 Spider Form              Tmut/Pois      2%         N/A       38%         3
 Ice Form                 Ice/Tmut       4%         N/A       80%         4


Dungeon Overview and Level Annotations

Branches:
Dungeon (1/15)

Altars:


Innate Abilities, Weirdness & Mutations

You cannot wear most types of armour.
You are amphibious.
You can wear up to eight rings at the same time.
Your skin changes colour to match your surroundings (Stealth+).
Your rubbery body absorbs attacks. (AC +1, EV +1)
((You are camouflaged near water. (Stealth+)))
You have tentacles for arms and can constrict up to eight enemies at once.


Message History

The slug dart misses you. The dart slug completely misses you.
You tentacle-slap the dart slug. You grab the dart slug.
The dart slug is heavily wounded.
You constrict the dart slug. You tentacle-slap the dart slug.
The dart slug is severely wounded.
You constrict the dart slug. The dart slug misses you.
You tentacle-slap the dart slug.
The dart slug is almost dead.
You constrict the dart slug. The dart slug barely misses you.
You tentacle-slap the dart slug.
You kill the dart slug!
Training target 1.0 for Stealth reached!
Your Stealth skill increases to level 1!
You start resting.
HP restored.
You now have 27 gold pieces (gained 5).
d - a scroll labelled UTUHOUGOHO
Found a stone staircase leading down.
You open the door.
There is an open door here.
Found 5 large rocks.
You open the door.
There is an open door here.
Found a scroll labelled OJURIL YXTISCHE.
b - 2 scrolls labelled OJURIL YXTISCHE (gained 1)
There is a stone staircase leading down here.
You open the door.
There is an open door here.
A gnoll comes into view. It is wielding a +0 club.
A bat comes into view.
Found 11 stones.
The gnoll shouts!
The bat closely misses you. The gnoll hits you with a +0 club.
You tentacle-slap the gnoll. You grab the gnoll. You squeeze the gnoll.
The gnoll is moderately wounded.
You constrict the gnoll. The gnoll hits you with a +0 club!
Ouch! That really hurt!
You die...

................#.##.........#.#.
.................................
.............................#...
#................................
###+#...........####.............
#.#+#.........##............. #.#
#.........##############. #
#.........# ## .......b@.# .
........g.# ## ..........# #
..........# ......(..# ##########


You could see a gnoll and a bat.

Vanquished Creatures
  A dart slug (D:1)
  An endoplasm (D:1)
  A kobold (D:1)
3 creatures vanquished.

Notes
Turn   | Place    | Note
-------+----------+-------------------------------------------
     0 | D:1      | AarnesTheHuman the Octopode Transmuter began the quest for
                  | the Orb.
     0 | D:1      | Reached XP level 1. HP: 13/13 MP: 3/3
   114 | D:1      | Reached skill level 1 in Stealth
   581 | D:1      | Slain by a gnoll

Illustrated notes

Levels and vault maps discovered:
D:1:      lemuel_arrival_funnel, layout_basic, serial_glass, glass_columns_a,
          glass_columns_a

Skill      XL: |  1 |
---------------+----+-----
Stealth        | 1 |  1.0
Fighting       | |  1.0
Dodging        | |  2.0
Unarmed Combat | |  3.0
Spellcasting   | |  2.1
Transmutations | |  2.1

Action                   || total
-------------------------++-------
Melee: Unarmed           ||    11
       Constrict         ||     3
       Tentacles         ||     2
 Stab: Sleeping          ||     2
Dodge: Dodged            ||     6
